 Dungeon Sprint DCSS version 0.30-a0-830-gfe289a77b0 (webtiles) character file.

Game seed: 7268139836209996293

5600000 BigDaddyOpFi the Ninja (level 25, -30/234 HPs)
             Began as a Formicid Monk on Feb 28, 2023.
             Was the Champion of Makhleb.
             Annihilated by The Servant
             ... wielding a +9 glaive of flaming
              (59 damage)
             ... in the Dungeon (Sprint VIII: "Arena of Blood").
             The game lasted 00:01:07 (56 turns).

BigDaddyOpFi the Ninja (Formicid Monk)                Turns: 56, Time: 00:01:07

Health: -30/234    AC:  4    Str: 17    XL:     25   Next: 46%
Magic:  10/40      EV: 37    Int: 13    God:    Makhleb [******]
Gold:   0          SH:  0    Dex: 24    Spells: 24/24 levels left

rFire   . . .      SeeInvis +    g - +∞ Axe of Woe
rCold   . . .      Faith    .    (no shield)
rNeg    . . .      Spirit   .    a - +0 robe
rPois   .          Reflect  .    (helmet unavailable)
rElec   .          Harm     .    (no cloak)
rCorr   .          Rampage  .    (no gloves)
Will    ++...                    (no boots)
Stlth   ++++++++++               (no amulet)
HPRegen 0.59/turn                (no ring)
MPRegen 0.27/turn                (no ring)

@: no status effects
A: permanent stasis, dig shafts and tunnels, antennae 3, four strong arms
a: Dig, Renounce Religion, Minor Destruction, Lesser Servant of Makhleb, Major
Destruction, Greater Servant of Makhleb


You were in the Dungeon.
You worshipped Makhleb.
Makhleb was exalted by your worship.
You visited 1 branch

Inventory:

Hand Weapons
 g - the +∞ Axe of Woe (weapon)
   (You found it in the Dungeon)
Armour
 a - a +0 robe (worn)
Scrolls
 f - a scroll of blinking
Potions
 b - a potion of ambrosia
 c - a potion of curing
 d - a potion of heal wounds
 e - 2 potions of magic


   Skills:
 O Level 27 Fighting
 + Level 22.9(26.5) Short Blades
 + Level 22.8(26.4) Long Blades
 O Level 27 Axes
 O Level 27 Maces & Flails
 O Level 27 Polearms
 O Level 27 Staves
 + Level 22.8 Ranged Weapons
 + Level 22.8 Throwing
 O Level 27 Armour
 O Level 27 Dodging
 O Level 27 Stealth
 O Level 27 Shields
 O Level 27 Unarmed Combat
 O Level 27 Invocations
 + Level 24.6 Evocations


You had 24 spell levels left.
You didn't know any spells.
Your spell library was empty.

Dungeon Overview and Level Annotations

Branches:
Dungeon (1/1)

Altars:
Makhleb

Annotations:
D The Servant


Innate Abilities, Weirdness & Mutations

You cannot be hasted, slowed, berserked, paralysed or teleported.
You can dig through walls and to a lower floor.
You have a pair of large antennae on your head. (SInv)
Your four strong arms can wield two-handed weapons with a shield.


Message History

You hear a shout! x2
Your base Short Blades skill increases to level 22!
Your base Long Blades skill gained 2 levels and is now at level 22!
Your Ranged Weapons skill gained 2 levels and is now at level 22!
Your Throwing skill gained 2 levels and is now at level 22!
You have mastered Shields!
Your Evocations skill increases to level 23!
Unknown command.
You don't know any spells.
Okay, then.
You slice the bag of meat!!
You slaughter the bag of meat joyfully.
You kill the bag of meat!
Makhleb accepts your kill.
You feel better.
You slash the bag of meat!
You butcher the bag of meat messily.
You kill the bag of meat!
Makhleb accepts your kill.
You feel better.
You are engulfed in blazing flames.
You hear a shout!
A meat berserker comes into view. It is wielding a +9 battleaxe.
You hear a shout!
The Servant completely misses you.
You hear a shout! x2
The accursed points at you and mumbles some strange words.
Something smites you!
You hear a shout! x4
Your Evocations skill increases to level 24!
You hit the sculptor of flesh but do no damage.
You slaughter the sculptor of flesh joyfully.
You destroy the sculptor of flesh!
Makhleb accepts your kill.
You are engulfed in blazing flames.
The meat berserker rages.
A bag of meat comes into view. It is wielding a +9 war axe.
You hear a shout! x3
The Servant hits you from afar with a +9 glaive of flaming!!!!!
Ouch! That really hurt!
* * * LOW HITPOINT WARNING * * *
The Servant burns you!!!
You die...

o. ....o { #.
.{.#X {{#..
...# . .###..
{.o.###..
oO.O..###......
...ooo§o.oo.
#.☼)o@# #_☼@☼_#
#.☼°○.#
....M§§.....
.....O###......
.###.. ...###..
#.Oo ...# . #.
...# .. .....


You could see an accursed, The Servant, 4 meat berserkers and 11 bags of meat.

Vanquished Creatures
  A royal mummy (D)
  2 vampire knights (D)
  22 ogres (D)
  3 two-headed ogres (D)
  A lich (D)
  26 orcs (D)
  3 skeletal warriors (D)
58 creatures vanquished.

Notes
Turn   | Place    | Note
-------+----------+-------------------------------------------
     0 | D        | Found the +∞ Axe of Woe
     0 | D        | BigDaddyOpFi the Formicid Monk began the quest for the Orb.
     0 | D        | Reached XP level 1. HP: 18/18 MP: 1/1
     3 | D        | Noticed a bag of meat
     4 | D        | Became a worshipper of Makhleb the Destroyer
     4 | D        | Reached * piety under Makhleb
     4 | D        | Reached ** piety under Makhleb
     4 | D        | Noticed a meat berserker
     5 | D        | Noticed a bag of meat
     6 | D        | Noticed a bag of meat
     6 | D        | Noticed a bag of meat
     8 | D        | Noticed a bag of meat
     9 | D        | Killed a meat berserker
     9 | D        | Noticed a meat berserker
     9 | D        | Noticed a meat berserker
    10 | D        | Reached skill level 15 in Stealth
    10 | D        | Reached XP level 2. HP: 40/40 MP: 1/9
    10 | D        | Reached XP level 3. HP: 46/46 MP: 1/11
    10 | D        | Reached XP level 4. HP: 53/53 MP: 1/12
    10 | D        | Reached XP level 5. HP: 59/59 MP: 1/14
    10 | D        | Reached XP level 6. HP: 66/66 MP: 1/15
    10 | D        | Reached XP level 7. HP: 72/72 MP: 1/17
    10 | D        | Reached XP level 8. HP: 79/79 MP: 1/18
    10 | D        | Reached XP level 9. HP: 85/85 MP: 1/19
    10 | D        | Reached XP level 10. HP: 92/92 MP: 1/20
    10 | D        | Reached XP level 11. HP: 98/98 MP: 1/21
    10 | D        | Reached XP level 12. HP: 105/105 MP: 1/22
    10 | D        | Killed a bag of meat
    10 | D        | Noticed a bag of meat
    11 | D        | Reached XP level 13. HP: 113/113 MP: 1/24
    12 | D        | Killed a bag of meat
    12 | D        | Killed a bag of meat
    12 | D        | Reached *** piety under Makhleb
    12 | D        | Killed a bag of meat
    12 | D        | Killed a bag of meat
    12 | D        | Noticed a bag of meat
    13 | D        | Reached skill level 15 in Axes
    13 | D        | Reached skill level 15 in Unarmed Combat
    13 | D        | Reached XP level 14. HP: 128/128 MP: 1/27
    13 | D        | Noticed a bag of meat
    13 | D        | Noticed a meat berserker
    13 | D        | Noticed a bag of meat
    14 | D        | Killed a meat berserker
    14 | D        | Reached **** piety under Makhleb
    14 | D        | Killed a meat berserker
    14 | D        | Noticed a meat berserker
    14 | D        | Noticed a bag of meat
    15 | D        | Reached XP level 15. HP: 119/139 MP: 2/29
    18 | D        | Killed a meat berserker
    19 | D        | Reached XP level 16. HP: 104/149 MP: 2/30
    19 | D        | Reached ***** piety under Makhleb
    19 | D        | Killed a meat berserker
    19 | D        | Noticed a meat berserker
    20 | D        | Reached XP level 17. HP: 160/160 MP: 3/32
    20 | D        | Noticed a meat berserker
    21 | D        | Noticed a meat berserker
    21 | D        | Noticed a destroyer
    22 | D        | Noticed a meat berserker
    23 | D        | Noticed a meat berserker
    24 | D        | Noticed a meat berserker
    25 | D        | Killed a meat berserker
    25 | D        | Killed a meat berserker
    25 | D        | Killed a meat berserker
    25 | D        | Killed a meat berserker
    25 | D        | Reached ****** piety under Makhleb
    26 | D        | Reached skill level 27 in Stealth
    26 | D        | Reached skill level 27 in Invocations
    26 | D        | Reached XP level 18. HP: 113/177 MP: 4/35
    26 | D        | Reached XP level 19. HP: 117/184 MP: 4/36
    26 | D        | Noticed a meat berserker
    26 | D        | Noticed a meat berserker
    27 | D        | Noticed a meat berserker
    27 | D        | Killed a destroyer
    27 | D        | Noticed a meat berserker
    28 | D        | Killed a meat berserker
    28 | D        | Noticed a meat berserker
    29 | D        | Reached skill level 27 in Fighting
    29 | D        | Reached skill level 27 in Armour
    30 | D        | Reached XP level 20. HP: 197/197 MP: 5/37
    30 | D        | Killed a meat berserker
    30 | D        | Noticed a large bag of meat
    31 | D        | Reached skill level 27 in Axes
    31 | D        | Reached skill level 27 in Dodging
    31 | D        | Reached skill level 27 in Unarmed Combat
    33 | D        | Killed a meat berserker
    33 | D        | Killed a meat berserker
    33 | D        | Killed a meat berserker
    34 | D        | Reached XP level 21. HP: 204/204 MP: 5/38
    34 | D        | Killed a meat berserker
    35 | D        | Killed a meat berserker
    37 | D        | Noticed a destroyer
    38 | D        | Reached XP level 22. HP: 212/212 MP: 6/39
    39 | D        | Killed a large bag of meat
    40 | D        | Reached skill level 27 in Maces & Flails
    40 | D        | Reached skill level 27 in Polearms
    40 | D        | Killed a destroyer
    41 | D        | Noticed a meat berserker
    41 | D        | Noticed a large bag of meat
    42 | D        | Noticed a meat berserker
    43 | D        | Noticed a meat berserker
    44 | D        | Killed a meat berserker
    45 | D        | Reached skill level 27 in Staves
    45 | D        | Reached skill level 5 in Short Blades
    45 | D        | Reached skill level 5 in Long Blades
    45 | D        | Reached skill level 5 in Ranged Weapons
    45 | D        | Reached skill level 5 in Throwing
    45 | D        | Reached XP level 23. HP: 177/219 MP: 8/40
    45 | D        | Noticed an accursed
    45 | D        | Noticed a large bag of meat
    46 | D        | Noticed an accursed
    47 | D        | Reached skill level 10 in Evocations
    47 | D        | Noticed The Servant
    49 | D        | Reached skill level 15 in Shields
    50 | D        | Reached skill level 15 in Evocations
    50 | D        | Killed an accursed
    50 | D        | Killed a large bag of meat
    50 | D        | Noticed a tyrant
    51 | D        | Reached XP level 24. HP: 173/227 MP: 9/40
    52 | D        | Noticed a tyrant
    53 | D        | Killed a tyrant
    54 | D        | Reached XP level 25. HP: 218/234 MP: 10/40
    54 | D        | Killed a large bag of meat
    55 | D        | Reached skill level 27 in Shields
    56 | D        | Annihilated by The Servant

Illustrated notes

Levels and vault maps discovered:
D:        meatsprint

Skill      XL: |  1  2  3  4  5  6  7  8  9 10 11 12 13 14 15 16 17 18 19 20 21 22 23 24 25 |
---------------+----------------------------------------------------------------------------+-----
Fighting       | 13 14 17 19 20 21 25 27 | 27.0
Axes           | 11 12 15 17 18 19 23 26 27 | 27.0
Armour         | 12 13 16 18 20 21 25 27 | 27.0
Dodging        | 11 14 16 17 18 21 25 27 | 27.0
Stealth        | 15 16 19 21 23 25 27 | 27.0
Unarmed Combat | 12 13 15 17 18 20 23 26 27 | 27.0
Invocations    | 13 14 18 20 21 23 27 | 27.0
Maces & Flails | 21 26 27 | 27.0
Polearms       | 21 26 27 | 27.0
Staves         | 27 | 27.0
Short Blades   | 5 17 21 22 | 22.9
Long Blades    | 5 17 20 22 | 22.8
Ranged Weapons | 5 17 20 22 | 22.8
Throwing       | 5 17 20 22 | 22.8
Shields        | 7 22 26 27 | 27.0
Evocations     | 6 19 22 24 | 24.6

Action                     |  1- 3 |  4- 6 |  7- 9 | 10-12 | 13-15 | 16-18 | 19-21 | 22-24 | 25-27 || total
---------------------------+-------+-------+-------+-------+-------+-------+-------+-------+-------++-------
  Melee: Executioner's axe |     1 |       |       |     1 |     3 |     3 |    10 |    11 |     3 ||    32
  Dodge: Dodged            |       |       |       |       |       |       |       |       |     1 ||     1

Table legend: (Time is in decaauts)
 A = Elapsed time spent in this place.
 B = Non-inter-level travel time spent in this place.
 C = Inter-level travel time spent in this place.
 D = Time resting spent in this place.
 E = Time spent auto-exploring this place.
 F = Levels seen in this place.
 G = Mean time per level.
                   A        B        C        D        E       F      G
               +--------+--------+--------+--------+--------+-----+--------+
         Total |     49 |     49 |      0 |      0 |      0 |   1 |   49.0 |
       Dungeon |     49 |     49 |      0 |      0 |      0 |   1 |   49.0 |
               +--------+--------+--------+--------+--------+-----+--------+

Top non-repeatable levels by time:
       D: 49 daAuts
